 Dungeon Crawl Stone Soup version 0.28-a0-1002-gf00fe891ef (webtiles) character file.

Game seed: 5579264555470474249

703 tnor the Skirmisher (level 7, -1/53 HPs)
             Began as a Djinni Cinder Acolyte on Dec 6, 2021.
             Was a High Priest of Ignis.
             Slain by a wight (7 damage)
             ... on level 5 of the Dungeon.
             The game lasted 00:09:12 (5490 turns).

tnor the Skirmisher (Djinni Cinder Acolyte)         Turns: 5490, Time: 00:09:12

Health: -1/53      AC:  5    Str: 13    XL:     7   Next: 99%
Gold:   1273       EV: 12    Int: 18    God:    Ignis [*****.] SH:  0 Dex:  8

rFire   + + +      SeeInvis .   f - +2 demon blade (pain)
rCold   . . .      Faith    .   (no shield)
rNeg    . . .      Spirit   .   j - +1 leather armour {rC+}
rPois   ∞          Reflect  .   (no helmet)
rElec   .          Harm     .   (no cloak)
rCorr   .          Rampage  .   a - +0 pair of gloves
Will    .....                   (boots unavailable)
Stlth   +.........              (no amulet)
HPRegen 0.17/turn               (no ring)
MPRegen 0.00/turn               (no ring)

@: mighty, flying
A: sickness immunity, fire resistance 2, cold vulnerability 1, float, innate
caster, hp casting, extra vitality 1
a: Renounce Religion, Fiery Armour, Foxfire Swarm, Rising Flame


You were on level 5 of the Dungeon.
You worshipped Ignis.
Ignis was extremely pleased with you.
You visited 1 branch of the dungeon, and saw 6 of its levels.

You collected 1273 gold pieces.

Inventory:

Hand Weapons
 f - a +2 demon blade of pain (weapon)
Armour
 a - a +0 pair of gloves (worn)
 j - a +1 leather armour of cold resistance (worn)
Wands
 b - a wand of charming (11)
Scrolls
 c - a scroll of magic mapping
 h - a scroll of fog
 l - a scroll of fear
 o - a scroll of blinking
 p - 2 scrolls of identify
Potions
 d - a potion of resistance
 e - a potion of might
 k - a potion of mutation {unknown}
 m - a potion of experience {unknown}
 n - a potion of cancellation {unknown}


   Skills:
 + Level 4.6 Fighting
 + Level 4.2 Long Blades
 + Level 3.4 Armour
 + Level 3.6 Dodging
 + Level 3.6 Spellcasting


You had 5 spell levels left.
You knew the following spells:

 Your Spells              Type           Power      Damage    Failure   Level
a - Scorch                Fire           32%        2d7       6%          2
b - Foxfire               Conj/Fire      64%        2x1d7     4%          1
c - Searing Ray           Conj           32%        2d5       6%          2
d - Lesser Beckoning      Tloc           16%        N/A       12%         3
Your spell library was empty.

Dungeon Overview and Level Annotations

Branches:
Dungeon (6/15)
 Temple: D:4-7

Altars:
Uskayaw

Annotations:
D:4 3 runed translucent doors, a11behringer's ghost, amateur HOFi; horus123's ghost, amateur DsGl; pigah's ghost, novice OpWn; tylerjbraun's ghost, amateur DECj


Innate Abilities, Weirdness & Mutations

You are immune to sickness and miasma.
You are immune to poison.
Your flesh is very heat resistant. (rF++)
You are vulnerable to cold. (rC-)
You float through the air rather than walking.
You learn spells naturally, not from books.
Your magical power is your life essence.
You have superior vitality. (+4 HP)


Message History

The wight barely misses you.
You hit the wight but do no damage.
The wight is severely damaged.
The wight completely misses you.
You hit the wight but do no damage.
The wight is severely damaged.
The wight hits you with a +0 falchion.
You barely miss the wight.
The wight is severely damaged.
The wight barely misses you.
You hit the wight.
The wight is almost destroyed.
The wight closely misses you. The wight barely misses you.
You feel very mighty all of a sudden. The wight hits you with a +0 falchion.
You closely miss the wight.
The wight is severely damaged.
The wight barely misses you.
You slash the wight!
You destroy the wight!
You hit the wight but do no damage. The wight closely misses you.
You slash the wight!
The wight is heavily damaged.
The wight barely misses you.
You hit the wight but do no damage.
The wight is heavily damaged.
The wight hits you with a +1 dire flail of protection.
You hit the wight.
The wight is severely damaged.
The wight barely misses you.
The wight hits you with a +1 dire flail of protection!
* * * LOW HITPOINT WARNING * * *
You barely miss the wight.
The wight is severely damaged.
The wight hits you with a +1 dire flail of protection!
* * * LOW HITPOINT WARNING * * *
You hit the wight but do no damage.
The wight is severely damaged.
The wight hits you with a +1 dire flail of protection!
You die...

#..#.####.........#
##................#
###..............#
#..............#
#......(########
#.......# #####
#.......# #....
#.......######.###
#@######.....#.#
#z## ##.###.#.#
#..# #....#.#.#
#.># #..#.#.#.#
##[# #..#.#.#.###
#.# #..#.#.#.##.
#.# #..#.#.#.##.
#.# #..#.#.#....
.######.#
#..#.#.####.


You could see a wight.

Vanquished Creatures
  A sky beast (D:6)
  2 ogres
  A scorpion (D:5)
  4 wights
  A hound (D:4)
  An iguana (D:4)
  A hound skeleton (D:5)
  5 adders
  A shadow imp (D:5)
  A worm (D:4)
  2 dart slugs
  11 orcs
  7 endoplasms
  4 giant cockroaches
  10 goblins
  8 hobgoblins
  4 jackals (D:2)
  10 kobolds
  3 quokkas
  6 ball pythons
  A frilled lizard (D:1)
  3 rats (D:2)
87 creatures vanquished.

Vanquished Creatures (others)
  2 withered plants (D:4)
2 creatures vanquished.

Grand Total: 89 creatures vanquished

Notes
Turn   | Place    | Note
-------+----------+-------------------------------------------
     0 | D:1      | tnor the Djinni Cinder Acolyte began the quest for the Orb.
     0 | D:1      | Reached XP level 1. HP: 20/20 MP: 0/0
   491 | D:1      | Reached XP level 2. HP: 24/25 MP: 0/0
  1195 | D:2      | Reached XP level 3. HP: 17/30 MP: 0/0
  1195 | D:2      | Learned a level 1 spell: Foxfire
  1196 | D:2      | Reached skill level 1 in Dodging
  1375 | D:2      | Reached skill level 1 in Armour
  1589 | D:2      | Reached XP level 4. HP: 20/35 MP: 0/0
  1742 | D:2      | Found a faded altar of an unknown god.
  1823 | D:2      | Found a hide-covered altar of Uskayaw.
  2661 | D:3      | Noticed an ogre
  2666 | D:3      | Killed an ogre
  2667 | D:3      | Reached XP level 5. HP: 37/41 MP: 0/0
  2667 | D:3      | Learned a level 2 spell: Searing Ray
  2704 | D:3      | Identified a scroll of acquirement
  2704 | D:3      | Acquired 1026 gold pieces
  3013 | D:4      | Reached XP level 6. HP: 36/47 MP: 0/0
  3578 | D:4      | Found a runed translucent gate.
  3579 | D:4      | Found a runed translucent gate.
  3579 | D:4      | Found a runed translucent gate.
  3579 | D:4      | Noticed pigah's ghost (novice OpWn)
  3579 | D:4      | Noticed horus123's ghost (amateur DsGl)
  3581 | D:4      | Noticed tylerjbraun's ghost (amateur DECj)
  3581 | D:4      | Noticed a11behringer's ghost (amateur HOFi)
  4092 | D:5      | Entered Level 5 of the Dungeon
  4405 | D:5      | Noticed a vampire
  4626 | D:5      | Reached XP level 7. HP: 52/52 MP: 0/0
  4626 | D:5      | Learned a level 3 spell: Lesser Beckoning
  5001 | D:5      | HP: 1/53 [wight (10)]
  5490 | D:5      | Slain by a wight

Illustrated notes

Levels and vault maps discovered:
D:1:      saegor_arrival_simple_c, layout_basic
D:2:      layout_basic, basic_altar, basic_ecumenical_altar
D:3:      corexii_shack_village, layout_basic
D:4:      layout_loops_corners, gammafunk_ghost_cemetery,
          mrwooster_statue_mirror
D:5:      layout_basic, nicolae_qazlal_eye_of_the_storm,
          kennysheep_generic_room_3, uniq_ijyb
D:6:      layout_loops_corners, minmay_temple_entry_grid

Skill      XL: |  1  2  3  4  5  6  7 |
---------------+----------------------+-----
Dodging        | 1 2 3 |  3.6
Long Blades    | 3 4 |  4.2
Armour         | 1 2 3 |  3.4
Spellcasting   | 3 |  3.6
Fighting       | 4 |  4.6

Action                   |  1- 3 |  4- 6 |  7- 9 || total
-------------------------+-------+-------+-------++-------
Melee: Falchion          |    14 |       |       ||    14
       Demon blade       |    15 |   119 |    40 ||   174
 Cast: Scorch            |    20 |    29 |    11 ||    60
  Use: Scroll            |     2 |    10 |       ||    12
       Potion            |       |     2 |     3 ||     5
Armor: Leather armour    |    10 |    38 |     1 ||    49
Dodge: Dodged            |    23 |   101 |    31 ||   155

Table legend: (Time is in decaauts)
 A = Elapsed time spent in this place.
 B = Non-inter-level travel time spent in this place.
 C = Inter-level travel time spent in this place.
 D = Time resting spent in this place.
 E = Time spent auto-exploring this place.
 F = Levels seen in this place.
 G = Mean time per level.
                   A        B        C        D        E       F      G
               +--------+--------+--------+--------+--------+-----+--------+
         Total |   5517 |   5428 |     89 |    683 |   3983 |   6 |  919.5 |
       Dungeon |   5517 |   5428 |     89 |    683 |   3983 |   6 |  919.5 |
               +--------+--------+--------+--------+--------+-----+--------+

Top non-repeatable levels by time:
     D:5: 1306 daAuts
     D:1: 1181 daAuts
     D:4: 1109 daAuts
     D:3: 1018 daAuts
     D:2: 807 daAuts
     D:6: 95 daAuts
